 Dungeon Crawl Stone Soup version 0.31-a0-851-g7ff8af7976 (webtiles) character file.

Game seed: 16700178260859070541

2 gruber the Chiller (level 1, -1/10 (13) HPs)
             Began as a Demonspawn Ice Elementalist on Oct 5, 2023.
             Slain by a kobold
             ... wielding a +2 dagger of draining
              (3 damage)
             ... on level 1 of the Dungeon.
             The game lasted 00:00:30 (34 turns).

gruber the Chiller (Demonspawn Ice Elementalist)      Turns: 34, Time: 00:00:30

HP:   -1/10 (13)    AC:  2    Str:  8    XL:     1   Next: 25%
MP:   0/3           EV: 12    Int: 16    God:
Gold: 0             SH:  0    Dex: 13    Spells: 3/4 levels left

rFire   . . .        (no weapon)
rCold   . . .        (no shield)
rNeg    . . .        a - +0 robe
rPois   .            (no helmet)
rElec   .            (no cloak)
rCorr   .            (no gloves)
SInv    .            (no boots)
Will    .....        (no amulet)
Stlth   ++           (no ring)
HPRegen 0.21/turn    (no ring)
MPRegen 0.08/turn

%: no passive effects
@: heavily drained
A: no striking features
a: no special abilities


You were on level 1 of the Dungeon.
You visited 1 branch of the dungeon, and saw 1 of its levels.

Inventory:

Armour
 a - a +0 robe (worn)
Potions
 b - a potion of magic


   Skills:
 - Level 1.7 Dodging
 - Level 1.7 Stealth
 - Level 2.0 Spellcasting
 + Level 3.7 Ice Magic


You had 3 spell levels left.
You knew the following spells:

 Your Spells              Type           Power      Damage    Failure   Level
a - Freeze                Ice            52%        1d6       4%          1

Your spell library contained the following spells:

 Spells                   Type           Power      Damage    Failure   Level
 Frozen Ramparts          Ice            26%        1d4       14%         3
 Ozocubu's Armour         Ice            13%        N/A       14%         3
 Summon Ice Beast         Ice/Summ       7%         N/A       67%         4


Dungeon Overview and Level Annotations

Branches:
Dungeon (1/15)

Altars:


Message History

You throw a silver javelin.
The silver javelin pierces through the endoplasm!
You kill the endoplasm!
The silver javelin closely misses the kobold.
Unknown command.
Throw: 4 javelins (silver)
Press: ? - help, Shift-Dir - straight line, f/p - kobold
Aim: a kobold, wielding a +2 dagger of draining and quivering stones (43% to hit)
You throw a silver javelin. The silver javelin misses the kobold.
The kobold hits you with a +2 dagger of draining.
You feel drained.
Throw: 3 javelins (silver)
Press: ? - help, Shift-Dir - straight line, f/p - kobold
Aim: a kobold, wielding a +2 dagger of draining and quivering stones (43% to hit)
You throw a silver javelin.
The silver javelin barely misses the kobold.
The kobold barely misses you.
Your magical contamination has completely faded away.
Unknown command.
Throw: 2 javelins (silver)
Press: ? - help, Shift-Dir - straight line, f/p - kobold
Aim: a kobold, wielding a +2 dagger of draining and quivering stones (43% to hit)
You throw a silver javelin.
The silver javelin closely misses the kobold.
The kobold hits you with a +2 dagger of draining.
You feel drained. The kobold barely misses you.
Unknown command.
Throw: javelin (silver)
Press: ? - help, Shift-Dir - straight line, f/p - kobold
Aim: a kobold, wielding a +2 dagger of draining and quivering stones (43% to hit)
You throw a silver javelin.
The silver javelin barely misses the kobold.
The kobold hits you with a +2 dagger of draining.
You feel drained.
* * * LOW HITPOINT WARNING * * *
Unknown command.
You have nothing you can fire or use right now.
The kobold hits you with a +2 dagger of draining.
You stop removing your armour.
You die...

#......# #(.....# #......#
#......# #......#
##############
##.(....###.##...........#
............##.♣.♣.♣.♣.♣.#
..######K####.............
#.@..∩.≈≈≈≈≈≈≈≈≈≈≈.
######.(...........
##.♣.♣.♣.♣.♣.#
#.........(.#
#############


You could see a kobold.

Vanquished Creatures
  An endoplasm (D:1)
  A rat (D:1)
2 creatures vanquished.

Notes
Turn   | Place    | Note
-------+----------+-------------------------------------------
     0 | D:1      | gruber the Demonspawn Ice Elementalist began the quest for
                  | the Orb.
     0 | D:1      | Reached XP level 1. HP: 13/13 MP: 3/3
    34 | D:1      | Slain by a kobold

Illustrated notes

Levels and vault maps discovered:
D:1:      mainiacjoe_arrival_reflecting_pool, layout_basic,
          hellmonk_ecumenical_altar_heavens_door, serial_shops, shop,
          minmay_hedge_maze

Action                     || total
---------------------------++-------
  Throw: Javelin           ||     5
   Cast: Freeze            ||     2
 Armour: Robe              ||     5
  Dodge: Dodged            ||     2

Table legend: (Time is in decaauts)
 A = Elapsed time spent in this place.
 B = Non-inter-level travel time spent in this place.
 C = Inter-level travel time spent in this place.
 D = Time resting spent in this place.
 E = Time spent auto-exploring this place.
 F = Levels seen in this place.
 G = Mean time per level.
                   A        B        C        D        E       F      G
               +--------+--------+--------+--------+--------+-----+--------+
         Total |     36 |     36 |      0 |      0 |     15 |   1 |   36.0 |
       Dungeon |     36 |     36 |      0 |      0 |     15 |   1 |   36.0 |
               +--------+--------+--------+--------+--------+-----+--------+

Top non-repeatable levels by time:
     D:1: 36 daAuts
